 Dungeon Crawl Stone Soup version 0.21-a0-401-g0b6bec4 (webtiles) character file.

25 Ijustatesigmund the Grasshopper (level 2, 0/14 HPs)
             Began as a Spriggan Warper on Oct 25, 2017.
             Was an Initiate of Ashenzari.
             Slain by a goblin
             ... wielding a +0 dagger
              (6 damage)
             ... on level 2 of the Dungeon.
             The game lasted 00:02:31 (2023 turns).

Ijustatesigmund the Grasshopper (Spriggan Warper)   Turns: 2023, Time: 00:02:32

Health: 0/14       AC:  2    Str:  7    XL:     2   Next: 82%
Magic:  7/7        EV: 18    Int: 14    God:    Ashenzari [......]
Gold:   63         SH:  0    Dex: 15    Spells: 5/7 levels left

rFire    . . .     SeeInvis +   a - +0 short sword
rCold    . . .     Gourm    .   (shield restricted)
rNeg     . . .     Faith    .   b - +0 robe
rPois    .         Spirit   .   (helmet restricted)
rElec    .         Reflect  .   (no cloak)
rCorr    .         Harm     .   (gloves unavailable)
MR       .....                  (boots unavailable)
Stlth    ++........             (no amulet)
HPRegen  0.04/turn              (no ring)
MPRegen  0.10/turn              (no ring)

@: very quick
A: unfitting armour, see invisible, herbivore 3, speed 3, slow metabolism 2
a: Curse Item, Renounce Religion


You were on level 2 of the Dungeon.
You worshipped Ashenzari.
Ashenzari was noncommittal.
You were not hungry.

You visited 1 branch of the dungeon, and saw 2 of its levels.

You collected 63 gold pieces.

Inventory:

Hand Weapons
 a - a +0 short sword (weapon)
Missiles
 e - 4 tomahawks of dispersal (quivered)
 k - 6 tomahawks
Armour
 b - a +0 robe (worn)
Scrolls
 d - a scroll of blinking
 g - 2 scrolls of identify
 j - a scroll of enchant weapon {unknown}
Books
 c - a book of Spatial Translocations

   Spells                             Type                      Level
   a - Blink                          Translocation                2
   b - Shroud of Golubria             Charms/Translocation         2
   c - Lesser Beckoning               Translocation                3
   d - Gell's Gravitas                Translocation                3
   e - Teleport Other                 Translocation                3
   f - Passage of Golubria            Translocation                4
Comestibles
 f - 3 bread rations
 h - a fruit
 i - a royal jelly


   Skills:
 - Level 1.5 Fighting
 + Level 2.8 Short Blades
 - Level 1.0 Throwing
 - Level 3.5 Dodging
 + Level 2.2 Stealth
 + Level 3.3 Spellcasting
 - Level 4.4 Translocations


You had 5 spell levels left.
You knew the following spells:

 Your Spells              Type           Power        Failure   Level  Hunger
a - Blink                 Tloc           N/A          4%          2    ##.....


Dungeon Overview and Level Annotations

Branches:
Dungeon (2/15)

Altars:
Ashenzari


Innate Abilities, Weirdness & Mutations

You are very small and have problems with some larger weapons.
You are too small for most types of armour.
You have supernaturally acute eyesight. (SInv)
You are a herbivore.
You cover ground extremely quickly.
You need consume almost no food.


Message History

You feel sick.
You feel sick.
You feel sick.
You feel sick.
You feel sick.
You are no longer poisoned.
There is a stone staircase leading down here.
You climb downwards.
A goblin comes into view. It is wielding a dagger.
The goblin shouts!
The goblin misses you.
Found 22 stones and 27 sling bullets.
There is a stone staircase leading up here.
You hit the goblin.
The goblin is heavily wounded.
The goblin misses you.
You closely miss the goblin.
The goblin is heavily wounded.
The goblin hits you with a dagger.
You die...

#....#
#......#
#....#
#......#
######
##......#
..(....(.
#......#
#......#
#.....g#
#.....@#
#......#
#.######


You could see a goblin.

Vanquished Creatures
  An ooze (D:1)
  2 dart slugs (D:1)
  2 giant cockroaches
  3 goblins (D:1)
  3 hobgoblins
  2 kobolds (D:1)
  2 frilled lizards (D:1)
  A rat (D:1)
16 creatures vanquished.

Notes
Turn   | Place    | Note
-------+----------+-------------------------------------------
     0 | D:1      | Ijustatesigmund the Spriggan Warper began the quest for the Orb.
     0 | D:1      | Reached XP level 1. HP: 10/10 MP: 5/5
   109 | D:1      | Reached skill level 1 in Stealth
   483 | D:1      | Reached XP level 2. HP: 5/14 MP: 7/7
   981 | D:1      | Found a shattered altar of Ashenzari.
  1083 | D:1      | Became a worshipper of Ashenzari the Shackled
  1626 | D:1      | Learned a level 2 spell: Blink
  2023 | D:2      | Slain by a goblin

Vault maps used:
D:1:      minmay_arrival_hallway, evilmike_ruin_ashenzari
D:2:      minmay_cupped

Skill      XL: |  1  2 |
---------------+-------+-----
Stealth        | 1 2 |  2.2
Spellcasting   | 3 |  3.3
Fighting       | |  1.5
Short Blades   | |  2.8
Throwing       | |  1.0
Dodging        | |  3.5
Translocations | |  4.4

Action                   || total
-------------------------++-------
Melee: Short sword       ||    78
Throw: Tomahawk          ||     1
  Use: Scroll            ||     1
 Stab: Sleeping          ||     2
Armor: Robe              ||     8
Dodge: Dodged            ||    45

Table legend:
 A = Spawn XP
 B = Non-spawn XP
 C = Spawn XP percentage of total XP
 D = Spawn monster count
 E = Non-spawn monster count
 F = Spawn count percentage of total count
 G = Total turns spent on level
                    A         B        C        D         E        F      G
               +---------+---------+-------+---------+---------+-------+---------
         Total |       0 |      36 |   0.0 |       0 |      16 |   0.0 |  2023
               +---------+---------+-------+---------+---------+-------+---------
           D:1 |       0 |      32 |   0.0 |       0 |      14 |   0.0 |  1970
           D:2 |       0 |       4 |   0.0 |       0 |       2 |   0.0 |    53
               +---------+---------+-------+---------+---------+-------+---------
